Sharks vs Canadiens

Created - January-12-15 at 17:43

Goals
1 2 3 T
Sharks 2 0 0 2
Canadiens 2 2 1 5
Shots
1 2 3 T
Sharks 16 5 8 29
Canadiens 7 16 13 36

1st period

1. Sharks , Nick Bjugstad 11 (Jordan Leopold, Cory Sarich) at 5:57
2. Sharks , Jannik Hansen 5 (Brooks Laich, Jordan Leopold) at 7:02
3. Canadiens , Martin Erat 5 (Jason Demers, Radko Gudas) at 13:06
4. Canadiens , Alexander Steen 22 (Paul Stastny) at 13:12

Penalties :
Radko Gudas (MTL) for Holding (Minor) at 2:43, Manny Malhotra (MTL) for Roughing (Minor) at 8:52, Vyacheslav Voynov (SJS) for High sticking (Minor) at 8:52, Steve Oleksy (MTL) for Roughing (Minor) at 16:29

2nd period

5. Canadiens , Paul Stastny 19 (Alexander Steen, Jonathan Bernier) at 5:55
6. Canadiens , Alexander Steen 23 (Cam Fowler, Jordan Eberle) at 16:12 (PP)

Penalties :
Alexander Steen (MTL) for Interference (Minor) at 6:26, Drew Stafford (SJS) for Roughing (Minor) at 14:56, Alexander Edler (MTL) for Holding Stick (Minor) at 16:31, Robert Bortuzzo (SJS) for Cross-checking (Minor) at 19:10

3rd period

7. Canadiens , Paul Stastny 20 (Alexander Steen, Jordan Eberle) at 10:09

Penalties :
Dan Girardi (MTL) for Tripping (Minor) at 3:31, Radko Gudas (MTL) for Hooking (Minor) at 3:38, Dan Girardi (MTL) for Tripping (Minor) at 6:45, Brooks Laich (SJS) for Roughing (Minor) at 15:34

Goalie Stats

Martin Brodeur (SJS), 31 saves from 36 shots - (0.861), L, 4-10-2, 60:00 minutes
Jonathan Bernier (MTL), 27 saves from 29 shots - (0.931), W, 11-14-3, 60:00 minutes

Players Stats for Sharks

Player Name              G  A  P  +/- PIM S  H  SB GA TA FO     MP     PP MP  PK MP  
------------------------------------------------------------------------------------
Andrew Shaw              0  0  0   0  0   4  2  0  0  0  1/3    16:48   5:02   0:00 
Brooks Laich             0  1  1  -1  2   1  2  0  0  0  16/28  21:37   6:59   1:16 
Charlie Coyle            0  0  0  -1  0   1  1  0  0  0  2/3    11:20   0:00   1:34 
Chris Butler             0  0  0  -2  0   3  0  0  0  0  0/0    22:28   6:49   0:01 
Cory Sarich              0  1  1   1  0   5  1  1  0  0  0/0    22:20   5:12   3:41 
Drew Stafford            0  0  0  -1  2   1  1  0  0  0  1/3    13:03   0:54   2:24 
Jannik Hansen            1  0  1  -1  0   5  3  0  0  0  0/1    20:59   6:59   0:00 
Jordan Leopold           0  2  2   1  0   0  0  0  0  0  0/0    20:58   5:12   2:25 
Martin Havlat            0  0  0  -1  0   0  0  0  0  0  1/2    12:42   0:00   0:00 
Matt Beleskey            0  0  0   0  0   3  4  0  0  0  1/2    19:03   5:02   1:34 
Michael Kostka           0  0  0  -1  0   0  1  1  0  0  0/0    14:01   0:00   0:15 
Mike Sislo               0  0  0   0  0   0  0  0  0  0  0/0     6:32   0:00   0:00 
Nick Bjugstad            1  0  1   0  0   2  0  0  0  0  7/18   17:51   6:05   0:00 
Rich Peverley            0  0  0  -1  0   3  0  0  0  0  14/35  19:46   5:02   3:40 
Robert Bortuzzo          0  0  0  -1  2   0  2  3  0  0  0/0    14:57   0:00   1:18 
Stephen Weiss            0  0  0   0  0   0  0  0  0  0  1/5     6:32   0:00   0:00 
Viktor Stalberg          0  0  0   0  0   0  1  0  0  0  0/0     6:32   0:00   0:00 
Vyacheslav Voynov        0  0  0  -2  2   1  8  5  0  0  0/0    25:14   6:49   2:48 

Players Stats for Canadiens

Player Name              G  A  P  +/- PIM S  H  SB GA TA FO     MP     PP MP  PK MP  
------------------------------------------------------------------------------------
Alexander Edler          0  0  0   0  2   1  1  2  0  0  0/0    20:01   2:32   3:07 
Alexander Killorn        0  0  0  -1  0   1  2  0  0  0  0/0    10:27   0:00   0:00 
Alexander Steen          2  2  4   3  2   6  1  0  0  0  1/1    17:06   2:12   2:31 
Brenden Morrow           0  0  0   1  0   0  1  0  0  0  0/0     4:42   0:00   0:00 
Cam Fowler               0  1  1   0  0   1  1  1  0  0  0/0    26:06   2:42   6:27 
Chris Kunitz             0  0  0  -1  0   1  6  0  0  0  2/3    17:23   3:02   0:41 
Dan Girardi              0  0  0   0  4   1  2  2  0  0  0/0    24:11   2:32   4:44 
Jason Demers             0  1  1   2  0   2  0  1  0  0  0/0    18:23   2:42   4:16 
Jonathan Toews           0  0  0  -1  0   4  0  1  0  0  24/44  25:15   3:02   8:33 
Jordan Eberle            0  2  2   3  0   4  1  0  0  0  1/2    15:33   2:12   0:00 
Manny Malhotra           0  0  0   1  2   0  1  0  0  0  1/4     4:41   0:00   0:00 
Martin Erat              1  0  1   1  0   3  0  0  0  0  1/2    11:46   0:00   7:04 
Mason Raymond            0  0  0  -1  0   0  0  0  0  0  0/0    10:00   0:00   0:00 
Paul Stastny             2  1  3   3  0   6  2  0  0  0  17/32  19:29   2:12   3:21 
Radim Vrbata             0  0  0  -1  0   4  0  0  0  0  1/3    17:44   3:02   0:00 
Radko Gudas              0  1  1   2  4   1  5  0  0  0  0/0    17:01   0:00   4:58 
Saku Koivu               0  0  0  -1  0   0  0  0  0  0  8/9    10:00   0:00   0:00 
Steve Oleksy             0  0  0   0  2   1  1  1  0  0  0/0    14:12   0:00   0:29 

3 Stars

1 - Paul Stastny (MTL)
2 - Alexander Steen (MTL)
3 - Jordan Eberle (MTL)

Power Play

Sharks - 0 on 7 Attempt(s) - 0.00%
Canadiens - 1 on 3 Attempt(s) - 33.33%

Penalty Kill

Sharks - 2 on 3 Attempt(s) - 66.67% - Score 0 goal in Penalty Kill
Canadiens - 7 on 7 Attempt(s) - 100.00% - Score 0 goal in Penalty Kill

Team Stat

Sharks - Hits : 26 - Faceoff Wins : 44 - Blocked Shots : 10 - Penalty Minutes : 8
Canadiens - Hits : 24 - Faceoff Wins : 56 - Blocked Shots : 8 - Penalty Minutes : 16

Official

Referees : TJ Luxmore and Mike Leggo
Linesman : Scott Driscoll and Andy McElman

Game Notes

No Game Note

Finance

Level 1 -- Attendance: 5174 (79.60%) -- Ticket Income $569,140
Level 2 -- Attendance: 4622 (92.44%) -- Ticket Income $346,650
Level 3 -- Attendance: 2904 (82.97%) -- Ticket Income $159,720
Level 4 -- Attendance: 2642 (50.10%) -- Ticket Income $66,050
Luxury Box -- Attendance: 1000 (100.00%) -- Ticket Income $199,000
Game was played at the Bell Centre'
Total Attendance: 16342 (76.82%)
Total Ticket Income: $1,340,560
Other Income: $201,084
Total Income: $1,541,644

% Time on Ice - Sharks

Lines # - Real PCT - Wanted PCT - Time Play
Normal Forward
1 - 31% - 30% - 12:42
2 - 29% - 30% - 11:46
3 - 24% - 25% - 9:46
4 - 16% - 15% - 6:32
Normal Defense
1 - 38% - 40% - 15:38
2 - 30% - 35% - 12:03
3 - 32% - 25% - 13:05
4 - 0% - 0% - 0:00
PP Forward
1 - 58% - 50% - 6:59
2 - 42% - 50% - 5:02
PP Defense
1 - 57% - 60% - 6:49
2 - 43% - 40% - 5:12
PK Forward
1 - 70% - 55% - 3:40
2 - 30% - 45% - 1:34
PK Defense
1 - 46% - 55% - 2:25
2 - 54% - 45% - 2:49
PK3 Forward
1 - 0% - 60%
2 - 0% - 40%
PK3 Defense
1 - 0% - 60%
2 - 0% - 40%
44 Forward
1 - 66% - 55% - 1:18
2 - 34% - 45% - 0:41
44 Defense
1 - 71% - 55% - 1:24
2 - 29% - 45% - 0:35
Last Minute Offensive  - 0:00
Last Minute Defensive  - 0:00
Total
Forward - 60:00
Defense - 60:00

% Time on Ice - Canadiens

Lines # - Real PCT - Wanted PCT - Time Play
Normal Forward
1 - 34% - 38% - 13:40
2 - 30% - 35% - 12:24
3 - 25% - 18% - 10:00
4 - 12% - 9% - 4:42
Normal Defense
1 - 28% - 28% - 11:25
2 - 34% - 27% - 13:44
3 - 20% - 23% - 7:59
4 - 19% - 22% - 7:38
PP Forward
1 - 58% - 50% - 3:02
2 - 42% - 50% - 2:12
PP Defense
1 - 52% - 50% - 2:42
2 - 48% - 50% - 2:32
PK Forward
1 - 70% - 60% - 7:04
2 - 30% - 40% - 3:05
PK Defense
1 - 63% - 60% - 6:22
2 - 37% - 40% - 3:47
PK3 Forward
1 - 86% - 60% - 1:36
2 - 14% - 40% - 0:16
PK3 Defense
1 - 100% - 60% - 1:52
2 - 0% - 40% - 0:00
44 Forward
1 - 52% - 50% - 1:02
2 - 48% - 50% - 0:57
44 Defense
1 - 67% - 50% - 1:20
2 - 33% - 50% - 0:39
Last Minute Offensive  - 0:00
Last Minute Defensive  - 0:00
Total
Forward - 60:00
Defense - 60:00

Play by Play

1st period


0:01 of 1st period - Jonathan Toews wins face-off versus Brooks Laich in neutral zone.
0:07 of 1st period - Icing by Vyacheslav Voynov.
0:08 of 1st period - Brooks Laich wins face-off versus Paul Stastny in Sharks zone.
0:38 of 1st period - Icing by Chris Butler.
0:39 of 1st period - Saku Koivu wins face-off versus Brooks Laich in Sharks zone.
2:06 of 1st period - Shot by Jonathan Toews.
2:06 of 1st period - Stopped by Martin Brodeur without a rebound.
2:07 of 1st period - Jonathan Toews wins face-off versus Rich Peverley in Sharks zone.
2:07 of 1st period - Chris Kunitz is hit by Michael Kostka and loses puck.
2:10 of 1st period - Shot by Jonathan Toews.
2:10 of 1st period - Stopped by Martin Brodeur without a rebound.
2:11 of 1st period - Jonathan Toews wins face-off versus Rich Peverley in Sharks zone.
2:24 of 1st period - Shot by Drew Stafford.
2:24 of 1st period - Stopped by Jonathan Bernier with a rebound.
2:43 of 1st period - Minor Penalty to Radko Gudas for Holding.
2:44 of 1st period - Brooks Laich wins face-off versus Jonathan Toews in Canadiens zone.
2:45 of 1st period - Shot by Nick Bjugstad.
2:45 of 1st period - Stopped by Jonathan Bernier with a rebound.
2:47 of 1st period - Shot by Brooks Laich.
2:47 of 1st period - Shot Misses the Net.
2:49 of 1st period - Shot by Vyacheslav Voynov.
2:49 of 1st period - Stopped by Jonathan Bernier without a rebound.
2:50 of 1st period - Jonathan Toews wins face-off versus Brooks Laich in Canadiens zone.
2:50 of 1st period - Jonathan Toews is hit by Jannik Hansen.
3:33 of 1st period - Shot by Chris Butler.
3:33 of 1st period - Stopped by Jonathan Bernier without a rebound.
3:34 of 1st period - Jonathan Toews wins face-off versus Rich Peverley in Canadiens zone.
3:34 of 1st period - Jonathan Toews is hit by Matt Beleskey.
3:57 of 1st period - Martin Erat is hit by Matt Beleskey.
4:48 of 1st period - Shot by Mike Sislo.
4:48 of 1st period - Deflect By Viktor Stalberg.
4:48 of 1st period - Shot Misses the Net.
5:42 of 1st period - Icing by Alexander Edler.
5:43 of 1st period - Saku Koivu wins face-off versus Brooks Laich in Canadiens zone.
5:45 of 1st period - Icing by Alexander Edler.
5:46 of 1st period - Saku Koivu wins face-off versus Matt Beleskey in Canadiens zone.
5:53 of 1st period - Shot by Nick Bjugstad.
5:53 of 1st period - Shot Blocked by Steve Oleksy.
5:57 of 1st period - Shot by Nick Bjugstad.
5:57 of 1st period - Goal by Nick Bjugstad - Sharks : 1 - Canadiens : 0.
5:58 of 1st period - Paul Stastny wins face-off versus Rich Peverley in neutral zone.
6:23 of 1st period - Shot by Alexander Steen.
6:23 of 1st period - Stopped by Martin Brodeur without a rebound.
6:24 of 1st period - Nick Bjugstad wins face-off versus Jonathan Toews in Sharks zone.
6:33 of 1st period - Shot by Andrew Shaw.
6:33 of 1st period - Stopped by Jonathan Bernier without a rebound.
6:34 of 1st period - Jonathan Toews wins face-off versus Brooks Laich in Canadiens zone.
6:39 of 1st period - Chris Kunitz is hit by Brooks Laich and loses puck.
7:02 of 1st period - Shot by Jannik Hansen.
7:02 of 1st period - Goal by Jannik Hansen - Sharks : 2 - Canadiens : 0.
7:03 of 1st period - Paul Stastny wins face-off versus Nick Bjugstad in neutral zone.
7:29 of 1st period - Shot by Matt Beleskey.
7:29 of 1st period - Deflect By Andrew Shaw.
7:29 of 1st period - Shot Misses the Net.
7:31 of 1st period - Shot by Matt Beleskey.
7:31 of 1st period - Shot Misses the Net.
7:33 of 1st period - Shot by Andrew Shaw.
7:33 of 1st period - Shot Misses the Net.
7:35 of 1st period - Shot by Nick Bjugstad.
7:35 of 1st period - Shot Misses the Net.
7:41 of 1st period - Shot by Andrew Shaw.
7:41 of 1st period - Deflect By Matt Beleskey.
7:41 of 1st period - Stopped by Jonathan Bernier without a rebound.
7:42 of 1st period - Jonathan Toews wins face-off versus Rich Peverley in Canadiens zone.
7:42 of 1st period - Jonathan Toews is hit by Drew Stafford.
7:59 of 1st period - Off-side.
8:00 of 1st period - Brooks Laich wins face-off versus Manny Malhotra in neutral zone.
8:36 of 1st period - Michael Kostka is hit by Brenden Morrow and loses puck.
8:52 of 1st period - Minor Penalty to Manny Malhotra for Roughing.
8:52 of 1st period - Minor Penalty to Vyacheslav Voynov for High sticking.
8:53 of 1st period - Paul Stastny wins face-off versus Rich Peverley in Sharks zone.
9:25 of 1st period - Icing by Jordan Leopold.
9:26 of 1st period - Rich Peverley wins face-off versus Paul Stastny in Sharks zone.
9:31 of 1st period - Shot by Rich Peverley.
9:31 of 1st period - Stopped by Jonathan Bernier with a rebound.
9:33 of 1st period - Shot by Rich Peverley.
9:33 of 1st period - Shot Misses the Net.
9:35 of 1st period - Shot by Cory Sarich.
9:35 of 1st period - Stopped by Jonathan Bernier without a rebound.
9:36 of 1st period - Paul Stastny wins face-off versus Brooks Laich in Canadiens zone.
10:47 of 1st period - Shot by Alexander Killorn.
10:47 of 1st period - Shot Misses the Net.
10:49 of 1st period - Shot by Radim Vrbata.
10:49 of 1st period - Stopped by Martin Brodeur without a rebound.
10:50 of 1st period - Brooks Laich wins face-off versus Paul Stastny in Sharks zone.
11:10 of 1st period - Martin Erat is hit by Vyacheslav Voynov.
11:20 of 1st period - Shot by Martin Erat.
11:20 of 1st period - Stopped by Martin Brodeur without a rebound.
11:21 of 1st period - Nick Bjugstad wins face-off versus Radim Vrbata in Sharks zone.
11:21 of 1st period - Nick Bjugstad is hit by Chris Kunitz.
11:36 of 1st period - Icing by Alexander Edler.
11:37 of 1st period - Chris Kunitz wins face-off versus Rich Peverley in Canadiens zone.
12:17 of 1st period - Shot by Drew Stafford.
12:17 of 1st period - Shot Misses the Net.
12:48 of 1st period - Icing by Chris Butler.
12:49 of 1st period - Nick Bjugstad wins face-off versus Manny Malhotra in Sharks zone.
13:06 of 1st period - Shot by Martin Erat.
13:06 of 1st period - Goal by Martin Erat - Sharks : 2 - Canadiens : 1.
13:07 of 1st period - Paul Stastny wins face-off versus Brooks Laich in neutral zone.
13:12 of 1st period - Shot by Alexander Steen.
13:12 of 1st period - Goal by Alexander Steen - Sharks : 2 - Canadiens : 2.
13:13 of 1st period - Alexander Steen wins face-off versus Martin Havlat in neutral zone.
13:16 of 1st period - Brooks Laich is hit by Alexander Steen and loses puck.
14:13 of 1st period - Off-side.
14:14 of 1st period - Jonathan Toews wins face-off versus Nick Bjugstad in neutral zone.
14:20 of 1st period - Icing by Cory Sarich.
14:21 of 1st period - Jonathan Toews wins face-off versus Nick Bjugstad in Sharks zone.
14:43 of 1st period - Andrew Shaw is hit by Chris Kunitz and loses puck.
15:18 of 1st period - Icing by Andrew Shaw.
15:19 of 1st period - Paul Stastny wins face-off versus Nick Bjugstad in Sharks zone.
15:44 of 1st period - Shot by Rich Peverley.
15:44 of 1st period - Stopped by Jonathan Bernier without a rebound.
15:45 of 1st period - Saku Koivu wins face-off versus Drew Stafford in Canadiens zone.
15:55 of 1st period - Chris Butler is hit by Alexander Killorn and loses puck.
16:29 of 1st period - Minor Penalty to Steve Oleksy for Roughing.
16:30 of 1st period - Brooks Laich wins face-off versus Jonathan Toews in Canadiens zone.
16:47 of 1st period - Shot by Brooks Laich.
16:47 of 1st period - Shot Misses the Net.
16:49 of 1st period - Shot by Jannik Hansen.
16:49 of 1st period - Stopped by Jonathan Bernier without a rebound.
16:50 of 1st period - Jonathan Toews wins face-off versus Rich Peverley in Canadiens zone.
16:58 of 1st period - Andrew Shaw is hit by Radko Gudas and loses puck.
17:01 of 1st period - Shot by Cory Sarich.
17:01 of 1st period - Stopped by Jonathan Bernier without a rebound.
17:02 of 1st period - Jonathan Toews wins face-off versus Brooks Laich in Canadiens zone.
17:23 of 1st period - Shot by Nick Bjugstad.
17:23 of 1st period - Shot Misses the Net.
17:25 of 1st period - Shot by Cory Sarich.
17:25 of 1st period - Stopped by Jonathan Bernier without a rebound.
17:26 of 1st period - Jonathan Toews wins face-off versus Andrew Shaw in Canadiens zone.
17:46 of 1st period - Andrew Shaw is hit by Cam Fowler and loses puck.
17:55 of 1st period - Shot by Matt Beleskey.
17:55 of 1st period - Stopped by Jonathan Bernier without a rebound.
17:56 of 1st period - Brooks Laich wins face-off versus Paul Stastny in Canadiens zone.
18:11 of 1st period - Shot by Jannik Hansen.
18:11 of 1st period - Stopped by Jonathan Bernier without a rebound.
18:12 of 1st period - Rich Peverley wins face-off versus Jonathan Toews in Canadiens zone.
18:12 of 1st period - Andrew Shaw is hit by Radko Gudas.
18:46 of 1st period - Alexander Edler is hit by Robert Bortuzzo and loses puck.
19:06 of 1st period - Saku Koivu is hit by Jannik Hansen.
Goals for this period are 2 for Sharks vs 2 for Canadiens.
Shots for this period are 16 for Sharks vs 7 for Canadiens.

2nd period


0:01 of 2nd period - Rich Peverley wins face-off versus Jonathan Toews in neutral zone.
0:55 of 2nd period - Icing by Chris Butler.
0:56 of 2nd period - Rich Peverley wins face-off versus Paul Stastny in Sharks zone.
1:16 of 2nd period - Shot by Jordan Eberle.
1:16 of 2nd period - Deflect By Paul Stastny.
1:16 of 2nd period - Shot Misses the Net.
1:18 of 2nd period - Shot by Alexander Steen.
1:18 of 2nd period - Stopped by Martin Brodeur with a rebound.
1:22 of 2nd period - Shot by Paul Stastny.
1:22 of 2nd period - Stopped by Martin Brodeur with a rebound.
1:24 of 2nd period - Shot by Jordan Eberle.
1:24 of 2nd period - Shot Misses the Net.
1:26 of 2nd period - Shot by Alexander Steen.
1:26 of 2nd period - Shot Blocked by Vyacheslav Voynov.
1:28 of 2nd period - Shot by Alexander Steen.
1:28 of 2nd period - Shot Blocked by Vyacheslav Voynov.
1:30 of 2nd period - Shot by Jordan Eberle.
1:30 of 2nd period - Stopped by Martin Brodeur with a rebound.
1:32 of 2nd period - Shot by Paul Stastny.
1:32 of 2nd period - Stopped by Martin Brodeur without a rebound.
1:33 of 2nd period - Nick Bjugstad wins face-off versus Manny Malhotra in Sharks zone.
2:15 of 2nd period - Shot by Brenden Morrow.
2:15 of 2nd period - Deflect By Martin Erat.
2:15 of 2nd period - Shot Misses the Net.
2:43 of 2nd period - Shot by Jonathan Toews.
2:43 of 2nd period - Shot Misses the Net.
3:08 of 2nd period - Mike Sislo is hit by Dan Girardi and loses puck.
3:39 of 2nd period - Icing by Chris Butler.
3:40 of 2nd period - Brooks Laich wins face-off versus Paul Stastny in Sharks zone.
3:40 of 2nd period - Brooks Laich is hit by Paul Stastny.
3:52 of 2nd period - Shot by Jannik Hansen.
3:52 of 2nd period - Shot Misses the Net.
4:12 of 2nd period - Shot by Paul Stastny.
4:12 of 2nd period - Stopped by Martin Brodeur without a rebound.
4:13 of 2nd period - Saku Koivu wins face-off versus Nick Bjugstad in Sharks zone.
4:16 of 2nd period - Shot by Alexander Killorn.
4:16 of 2nd period - Shot Misses the Net.
4:34 of 2nd period - Shot by Andrew Shaw.
4:34 of 2nd period - Stopped by Jonathan Bernier without a rebound.
4:35 of 2nd period - Paul Stastny wins face-off versus Stephen Weiss in Canadiens zone.
4:35 of 2nd period - Paul Stastny is hit by Viktor Stalberg.
4:43 of 2nd period - Shot by Paul Stastny.
4:43 of 2nd period - Shot Misses the Net.
4:45 of 2nd period - Shot by Alexander Steen.
4:45 of 2nd period - Deflect By Paul Stastny.
4:45 of 2nd period - Stopped by Martin Brodeur without a rebound.
4:46 of 2nd period - Nick Bjugstad wins face-off versus Jonathan Toews in Sharks zone.
5:55 of 2nd period - Shot by Paul Stastny.
5:55 of 2nd period - Goal by Paul Stastny - Sharks : 2 - Canadiens : 3.
5:56 of 2nd period - Brooks Laich wins face-off versus Saku Koivu in neutral zone.
6:08 of 2nd period - Shot by Alexander Killorn.
6:08 of 2nd period - Shot Misses the Net.
6:11 of 2nd period - Icing by Vyacheslav Voynov.
6:12 of 2nd period - Brooks Laich wins face-off versus Paul Stastny in Sharks zone.
6:12 of 2nd period - Brooks Laich is hit by Radko Gudas.
6:18 of 2nd period - Jason Demers is hit by Brooks Laich and loses puck.
6:26 of 2nd period - Minor Penalty to Alexander Steen for Interference.
6:27 of 2nd period - Rich Peverley wins face-off versus Jonathan Toews in Canadiens zone.
6:30 of 2nd period - Shot by Vyacheslav Voynov.
6:30 of 2nd period - Shot Blocked by Dan Girardi.
6:32 of 2nd period - Shot by Vyacheslav Voynov.
6:32 of 2nd period - Shot Misses the Net.
6:34 of 2nd period - Shot by Chris Butler.
6:34 of 2nd period - Stopped by Jonathan Bernier without a rebound.
6:35 of 2nd period - Brooks Laich wins face-off versus Jonathan Toews in Canadiens zone.
7:57 of 2nd period - Shot by Cory Sarich.
7:57 of 2nd period - Shot Blocked by Dan Girardi.
8:07 of 2nd period - Shot by Jordan Leopold.
8:07 of 2nd period - Shot Misses the Net.
8:09 of 2nd period - Shot by Matt Beleskey.
8:09 of 2nd period - Shot Misses the Net.
9:18 of 2nd period - Jordan Leopold is hit by Alexander Killorn and loses puck.
9:32 of 2nd period - Cory Sarich is hit by Paul Stastny and loses puck.
10:19 of 2nd period - Icing by Paul Stastny.
10:20 of 2nd period - Nick Bjugstad wins face-off versus Paul Stastny in Canadiens zone.
11:40 of 2nd period - Icing by Cory Sarich.
11:41 of 2nd period - Manny Malhotra wins face-off versus Stephen Weiss in Sharks zone.
11:57 of 2nd period - Icing by Cory Sarich.
11:58 of 2nd period - Saku Koivu wins face-off versus Stephen Weiss in Sharks zone.
13:34 of 2nd period - Shot by Rich Peverley.
13:34 of 2nd period - Stopped by Jonathan Bernier without a rebound.
13:35 of 2nd period - Jordan Eberle wins face-off versus Nick Bjugstad in Canadiens zone.
14:16 of 2nd period - Shot by Paul Stastny.
14:16 of 2nd period - Shot Misses the Net.
14:44 of 2nd period - Michael Kostka is hit by Manny Malhotra and loses puck.
14:49 of 2nd period - Shot by Martin Erat.
14:49 of 2nd period - Stopped by Martin Brodeur without a rebound.
14:50 of 2nd period - Rich Peverley wins face-off versus Jonathan Toews in Sharks zone.
14:50 of 2nd period - Rich Peverley is hit by Chris Kunitz.
14:56 of 2nd period - Minor Penalty to Drew Stafford for Roughing.
14:57 of 2nd period - Rich Peverley wins face-off versus Jonathan Toews in Sharks zone.
15:02 of 2nd period - Shot by Jonathan Toews.
15:02 of 2nd period - Stopped by Martin Brodeur without a rebound.
15:03 of 2nd period - Radim Vrbata wins face-off versus Rich Peverley in Sharks zone.
15:50 of 2nd period - Shot by Radim Vrbata.
15:50 of 2nd period - Stopped by Martin Brodeur without a rebound.
15:51 of 2nd period - Paul Stastny wins face-off versus Rich Peverley in Sharks zone.
15:54 of 2nd period - Shot by Jordan Eberle.
15:54 of 2nd period - Stopped by Martin Brodeur without a rebound.
15:55 of 2nd period - Paul Stastny wins face-off versus Rich Peverley in Sharks zone.
16:04 of 2nd period - Shot by Jordan Eberle.
16:04 of 2nd period - Stopped by Martin Brodeur with a rebound.
16:06 of 2nd period - Shot by Paul Stastny.
16:06 of 2nd period - Shot Blocked by Vyacheslav Voynov.
16:08 of 2nd period - Shot by Jordan Eberle.
16:08 of 2nd period - Shot Misses the Net.
16:10 of 2nd period - Shot by Cam Fowler.
16:10 of 2nd period - Shot Blocked by Robert Bortuzzo.
16:12 of 2nd period - Shot by Alexander Steen.
16:12 of 2nd period - Goal by Alexander Steen - Sharks : 2 - Canadiens : 4.
16:13 of 2nd period - Martin Erat wins face-off versus Andrew Shaw in neutral zone.
16:31 of 2nd period - Minor Penalty to Alexander Edler for Holding Stick.
16:32 of 2nd period - Jonathan Toews wins face-off versus Nick Bjugstad in Canadiens zone.
16:38 of 2nd period - Icing by Jordan Leopold.
16:39 of 2nd period - Jonathan Toews wins face-off versus Brooks Laich in Sharks zone.
17:30 of 2nd period - Shot by Vyacheslav Voynov.
17:30 of 2nd period - Shot Misses the Net.
17:32 of 2nd period - Shot by Chris Butler.
17:32 of 2nd period - Shot Misses the Net.
17:34 of 2nd period - Shot by Matt Beleskey.
17:34 of 2nd period - Shot Blocked by Jason Demers.
17:38 of 2nd period - Shot by Andrew Shaw.
17:38 of 2nd period - Stopped by Jonathan Bernier without a rebound.
17:39 of 2nd period - Paul Stastny wins face-off versus Rich Peverley in Canadiens zone.
17:51 of 2nd period - Icing by Rich Peverley.
17:52 of 2nd period - Paul Stastny wins face-off versus Rich Peverley in Sharks zone.
18:25 of 2nd period - Shot by Andrew Shaw.
18:25 of 2nd period - Stopped by Jonathan Bernier without a rebound.
18:26 of 2nd period - Brooks Laich wins face-off versus Jonathan Toews in Canadiens zone.
19:10 of 2nd period - Minor Penalty to Robert Bortuzzo for Cross-checking.
19:11 of 2nd period - Paul Stastny wins face-off versus Rich Peverley in Sharks zone.
19:22 of 2nd period - Shot by Cam Fowler.
19:22 of 2nd period - Stopped by Martin Brodeur without a rebound.
19:23 of 2nd period - Rich Peverley wins face-off versus Jonathan Toews in Sharks zone.
19:23 of 2nd period - Rich Peverley is hit by Chris Kunitz.
19:55 of 2nd period - Shot by Jonathan Toews.
19:55 of 2nd period - Stopped by Martin Brodeur without a rebound.
19:56 of 2nd period - Paul Stastny wins face-off versus Rich Peverley in Sharks zone.
19:57 of 2nd period - Shot by Jordan Eberle.
19:57 of 2nd period - Stopped by Martin Brodeur without a rebound.
19:58 of 2nd period - Rich Peverley wins face-off versus Paul Stastny in Sharks zone.
Goals for this period are 0 for Sharks vs 2 for Canadiens.
Shots for this period are 5 for Sharks vs 16 for Canadiens.

3rd period


0:01 of 3rd period - Rich Peverley wins face-off versus Paul Stastny in neutral zone.
0:10 of 3rd period - Shot by Alexander Edler.
0:10 of 3rd period - Shot Misses the Net.
0:12 of 3rd period - Shot by Dan Girardi.
0:12 of 3rd period - Stopped by Martin Brodeur without a rebound.
0:13 of 3rd period - Jonathan Toews wins face-off versus Rich Peverley in Sharks zone.
0:18 of 3rd period - Shot by Cam Fowler.
0:18 of 3rd period - Shot Blocked by Vyacheslav Voynov.
1:00 of 3rd period - Shot by Jason Demers.
1:00 of 3rd period - Shot Misses the Net.
1:23 of 3rd period - Icing by Michael Kostka.
1:24 of 3rd period - Brooks Laich wins face-off versus Paul Stastny in Sharks zone.
1:24 of 3rd period - Brooks Laich is hit by Jordan Eberle.
1:29 of 3rd period - Brooks Laich is hit by Alexander Edler and loses puck.
2:07 of 3rd period - Icing by Alexander Steen.
2:08 of 3rd period - Nick Bjugstad wins face-off versus Paul Stastny in Canadiens zone.
2:09 of 3rd period - Shot by Andrew Shaw.
2:09 of 3rd period - Deflect By Matt Beleskey.
2:09 of 3rd period - Stopped by Jonathan Bernier without a rebound.
2:10 of 3rd period - Jonathan Toews wins face-off versus Nick Bjugstad in Canadiens zone.
2:10 of 3rd period - Jonathan Toews is hit by Matt Beleskey.
2:38 of 3rd period - Vyacheslav Voynov is hit by Chris Kunitz and loses puck.
2:54 of 3rd period - Jason Demers is hit by Matt Beleskey and loses puck.
3:00 of 3rd period - Radko Gudas is hit by Vyacheslav Voynov and loses puck.
3:16 of 3rd period - Icing by Vyacheslav Voynov.
3:17 of 3rd period - Matt Beleskey wins face-off versus Paul Stastny in Sharks zone.
3:31 of 3rd period - Minor Penalty to Dan Girardi for Tripping.
3:32 of 3rd period - Jonathan Toews wins face-off versus Brooks Laich in Canadiens zone.
3:38 of 3rd period - Minor Penalty to Radko Gudas for Hooking.
3:39 of 3rd period - Brooks Laich wins face-off versus Jonathan Toews in Canadiens zone.
4:09 of 3rd period - Icing by Jannik Hansen.
4:10 of 3rd period - Jonathan Toews wins face-off versus Brooks Laich in Sharks zone.
4:25 of 3rd period - Shot by Cory Sarich.
4:25 of 3rd period - Stopped by Jonathan Bernier without a rebound.
4:26 of 3rd period - Rich Peverley wins face-off versus Jonathan Toews in Canadiens zone.
4:27 of 3rd period - Shot by Vyacheslav Voynov.
4:27 of 3rd period - Shot Blocked by Alexander Edler.
4:35 of 3rd period - Shot by Matt Beleskey.
4:35 of 3rd period - Shot Blocked by Jonathan Toews.
4:37 of 3rd period - Shot by Matt Beleskey.
4:37 of 3rd period - Shot Blocked by Cam Fowler.
4:39 of 3rd period - Shot by Chris Butler.
4:39 of 3rd period - Shot Misses the Net.
4:41 of 3rd period - Shot by Vyacheslav Voynov.
4:41 of 3rd period - Shot Misses the Net.
4:43 of 3rd period - Shot by Matt Beleskey.
4:43 of 3rd period - Shot Blocked by Alexander Edler.
4:45 of 3rd period - Shot by Chris Butler.
4:45 of 3rd period - Stopped by Jonathan Bernier without a rebound.
4:46 of 3rd period - Paul Stastny wins face-off versus Jannik Hansen in Canadiens zone.
5:17 of 3rd period - Shot by Chris Butler.
5:17 of 3rd period - Shot Misses the Net.
5:19 of 3rd period - Shot by Nick Bjugstad.
5:19 of 3rd period - Deflect By Jannik Hansen.
5:19 of 3rd period - Stopped by Jonathan Bernier with a rebound.
5:39 of 3rd period - Shot by Chris Kunitz.
5:39 of 3rd period - Stopped by Martin Brodeur without a rebound.
5:40 of 3rd period - Drew Stafford wins face-off versus Paul Stastny in Sharks zone.
5:49 of 3rd period - Shot by Drew Stafford.
5:49 of 3rd period - Shot Misses the Net.
6:08 of 3rd period - Shot by Paul Stastny.
6:08 of 3rd period - Shot Blocked by Robert Bortuzzo.
6:10 of 3rd period - Shot by Paul Stastny.
6:10 of 3rd period - Shot Blocked by Michael Kostka.
6:12 of 3rd period - Shot by Jason Demers.
6:12 of 3rd period - Stopped by Martin Brodeur with a rebound.
6:14 of 3rd period - Shot by Jordan Eberle.
6:14 of 3rd period - Shot Misses the Net.
6:45 of 3rd period - Minor Penalty to Dan Girardi for Tripping.
6:46 of 3rd period - Jonathan Toews wins face-off versus Brooks Laich in Canadiens zone.
7:09 of 3rd period - Shot by Brooks Laich.
7:09 of 3rd period - Stopped by Jonathan Bernier without a rebound.
7:10 of 3rd period - Rich Peverley wins face-off versus Jonathan Toews in Canadiens zone.
7:18 of 3rd period - Icing by Cory Sarich.
7:19 of 3rd period - Rich Peverley wins face-off versus Martin Erat in Sharks zone.
7:21 of 3rd period - Icing by Andrew Shaw.
7:22 of 3rd period - Jonathan Toews wins face-off versus Rich Peverley in Sharks zone.
7:28 of 3rd period - Jonathan Toews is hit by Cory Sarich and loses puck.
7:37 of 3rd period - Shot by Andrew Shaw.
7:37 of 3rd period - Shot Misses the Net.
7:39 of 3rd period - Shot by Rich Peverley.
7:39 of 3rd period - Shot Misses the Net.
7:41 of 3rd period - Shot by Cory Sarich.
7:41 of 3rd period - Stopped by Jonathan Bernier without a rebound.
7:42 of 3rd period - Brooks Laich wins face-off versus Jonathan Toews in Canadiens zone.
8:20 of 3rd period - Shot by Vyacheslav Voynov.
8:20 of 3rd period - Shot Misses the Net.
8:39 of 3rd period - Icing by Matt Beleskey.
8:40 of 3rd period - Andrew Shaw wins face-off versus Paul Stastny in Sharks zone.
9:05 of 3rd period - Icing by Cam Fowler.
9:06 of 3rd period - Saku Koivu wins face-off versus Rich Peverley in Canadiens zone.
9:48 of 3rd period - Shot by Rich Peverley.
9:48 of 3rd period - Shot Hit the Post.
10:07 of 3rd period - Shot by Alexander Steen.
10:07 of 3rd period - Shot Blocked by Cory Sarich.
10:09 of 3rd period - Shot by Paul Stastny.
10:09 of 3rd period - Goal by Paul Stastny - Sharks : 2 - Canadiens : 5.
10:10 of 3rd period - Brooks Laich wins face-off versus Jonathan Toews in neutral zone.
10:12 of 3rd period - Vyacheslav Voynov is hit by Radko Gudas and loses puck.
10:25 of 3rd period - Shot by Radim Vrbata.
10:25 of 3rd period - Stopped by Martin Brodeur without a rebound.
10:26 of 3rd period - Paul Stastny wins face-off versus Nick Bjugstad in Sharks zone.
10:30 of 3rd period - Alexander Steen is hit by Robert Bortuzzo and loses puck.
10:37 of 3rd period - Shot by Paul Stastny.
10:37 of 3rd period - Shot Misses the Net.
10:44 of 3rd period - Robert Bortuzzo is hit by Steve Oleksy and loses puck.
10:53 of 3rd period - Shot by Alexander Steen.
10:53 of 3rd period - Stopped by Martin Brodeur without a rebound.
10:54 of 3rd period - Martin Havlat wins face-off versus Chris Kunitz in Sharks zone.
11:22 of 3rd period - Shot by Jannik Hansen.
11:22 of 3rd period - Shot Misses the Net.
11:32 of 3rd period - Icing by Cam Fowler.
11:33 of 3rd period - Charlie Coyle wins face-off versus Jonathan Toews in Canadiens zone.
11:33 of 3rd period - Charlie Coyle is hit by Dan Girardi.
11:38 of 3rd period - Icing by Dan Girardi.
11:39 of 3rd period - Jonathan Toews wins face-off versus Rich Peverley in Canadiens zone.
12:03 of 3rd period - Icing by Cam Fowler.
12:04 of 3rd period - Brooks Laich wins face-off versus Radim Vrbata in Canadiens zone.
12:16 of 3rd period - Dan Girardi is hit by Vyacheslav Voynov and loses puck.
12:32 of 3rd period - Jordan Eberle is hit by Vyacheslav Voynov.
12:34 of 3rd period - Shot by Paul Stastny.
12:34 of 3rd period - Shot Misses the Net.
12:36 of 3rd period - Shot by Radko Gudas.
12:36 of 3rd period - Stopped by Martin Brodeur with a rebound.
12:45 of 3rd period - Paul Stastny is hit by Vyacheslav Voynov and loses puck.
13:05 of 3rd period - Paul Stastny is hit by Vyacheslav Voynov.
13:23 of 3rd period - Shot by Steve Oleksy.
13:23 of 3rd period - Stopped by Martin Brodeur without a rebound.
13:24 of 3rd period - Saku Koivu wins face-off versus Nick Bjugstad in Sharks zone.
13:39 of 3rd period - Steve Oleksy is hit by Andrew Shaw and loses puck.
13:50 of 3rd period - Shot by Alexander Killorn.
13:50 of 3rd period - Stopped by Martin Brodeur without a rebound.
13:51 of 3rd period - Jonathan Toews wins face-off versus Drew Stafford in Sharks zone.
13:58 of 3rd period - Cam Fowler is hit by Charlie Coyle and loses puck.
14:09 of 3rd period - Shot by Charlie Coyle.
14:09 of 3rd period - Stopped by Jonathan Bernier without a rebound.
14:10 of 3rd period - Paul Stastny wins face-off versus Nick Bjugstad in Canadiens zone.
14:10 of 3rd period - Jordan Eberle is hit by Andrew Shaw and loses puck.
14:25 of 3rd period - Shot by Alexander Steen.
14:25 of 3rd period - Stopped by Martin Brodeur without a rebound.
14:26 of 3rd period - Rich Peverley wins face-off versus Jonathan Toews in Sharks zone.
14:26 of 3rd period - Rich Peverley is hit by Chris Kunitz.
14:31 of 3rd period - Off-side.
14:32 of 3rd period - Jonathan Toews wins face-off versus Rich Peverley in neutral zone.
15:02 of 3rd period - Shot by Radim Vrbata.
15:02 of 3rd period - Shot Misses the Net.
15:31 of 3rd period - Chris Butler is hit by Radko Gudas.
15:34 of 3rd period - Minor Penalty to Brooks Laich for Roughing.
15:35 of 3rd period - Charlie Coyle wins face-off versus Jordan Eberle in Sharks zone.
16:04 of 3rd period - Off-side.
16:05 of 3rd period - Chris Kunitz wins face-off versus Rich Peverley in neutral zone.
16:24 of 3rd period - Shot by Cam Fowler.
16:24 of 3rd period - Shot Misses the Net.
16:26 of 3rd period - Shot by Cam Fowler.
16:26 of 3rd period - Shot Blocked by Vyacheslav Voynov.
16:28 of 3rd period - Shot by Radim Vrbata.
16:28 of 3rd period - Stopped by Martin Brodeur with a rebound.
16:30 of 3rd period - Shot by Cam Fowler.
16:30 of 3rd period - Shot Blocked by Robert Bortuzzo.
16:32 of 3rd period - Shot by Jason Demers.
16:32 of 3rd period - Stopped by Martin Brodeur without a rebound.
16:33 of 3rd period - Paul Stastny wins face-off versus Charlie Coyle in Sharks zone.
16:34 of 3rd period - Shot by Jordan Eberle.
16:34 of 3rd period - Shot Misses the Net.
16:40 of 3rd period - Shot by Alexander Edler.
16:40 of 3rd period - Stopped by Martin Brodeur with a rebound.
16:42 of 3rd period - Shot by Paul Stastny.
16:42 of 3rd period - Shot Misses the Net.
16:44 of 3rd period - Shot by Alexander Edler.
16:44 of 3rd period - Shot Misses the Net.
17:58 of 3rd period - Shot by Jannik Hansen.
17:58 of 3rd period - Stopped by Jonathan Bernier with a rebound.
18:05 of 3rd period - Radko Gudas is hit by Vyacheslav Voynov and loses puck.
18:26 of 3rd period - Alexander Edler is hit by Jannik Hansen.
18:31 of 3rd period - Mason Raymond is hit by Vyacheslav Voynov and loses puck.
19:11 of 3rd period - Icing by Michael Kostka.
19:12 of 3rd period - Jonathan Toews wins face-off versus Stephen Weiss in Sharks zone.
19:16 of 3rd period - Icing by Robert Bortuzzo.
19:17 of 3rd period - Stephen Weiss wins face-off versus Jonathan Toews in Sharks zone.
Goals for this period are 0 for Sharks vs 1 for Canadiens.
Shots for this period are 8 for Sharks vs 13 for Canadiens.


Output by the SimonT Hockey Simulator (STHS) for Stephane Roy -- Original Page W3C XHTML 1.0 Valid
Hockey Simulator - Hockey Simulation - Hockey Manager